 Dungeon Sprint DCSS version 0.32-a0-411-g744942f433 (webtiles) character file.

Game seed: 5934602953725668151

48 shadowstone the Mimic (level 6, -4/39 HPs)
             Began as an Octopode Shapeshifter on Feb 20, 2024.
             Slain by a hornet (6 damage)
             ... in the Dungeon (Sprint VI: "Thunderdome").
             The game lasted 00:02:28 (359 turns).

shadowstone the Mimic (Octopode Shapeshifter)        Turns: 359, Time: 00:02:29

Health: -4/39      AC:  1    Str: 15    XL:     6   Next: 28%
Magic:  6/6        EV: 14    Int: 12    God:
Gold:   280        SH:  0    Dex: 12    Spells: 5/5 levels left

rFire   . . .        n - +0 scythe
rCold   . . .        (shield currently unavailable)
rNeg    . . .        (helmet currently unavailable)
rPois   .            (no amulet)
rElec   .            (no ring)
rCorr   .            (no ring)
SInv    .            (no ring)
Will    .....        (no ring)
Stlth   ++           (no ring)
HPRegen 0.26/turn    (no ring)
MPRegen 0.10/turn    (no ring)
                     (no ring)

%: no teleportation
@: lethally poisoned (-4 -> -18), beast-form, slowed, very slow
A: beast (slay +4), almost no armour, amphibious, 8 rings, camouflage 1,
gelatinous body 1, (nimble swimmer 1), tentacles
a: Begin Untransformation


You were in the Dungeon.
You were a hulking beast.
You visited 1 branch You collected 280 gold pieces.

Inventory:

Hand Weapons
 n - a +0 scythe (weapon)
Talismans
 b - a beast talisman (active)
 c - a flux talisman
Wands
 l - a wand of iceblast (5)
Scrolls
 i - 4 scrolls of blinking
 m - 3 scrolls of fog
Potions
 a - a potion of lignification
 d - a potion of curing
 e - 2 potions of heal wounds
 f - 4 potions of haste
 g - 2 potions of magic
 h - a potion of berserk rage
 j - a potion of resistance


   Skills:
 + Level 1.8 Fighting
 + Level 1.2 Polearms
 + Level 4.2 Dodging
 + Level 0.4 Stealth
 + Level 8.4 Unarmed Combat
 + Level 1.6 Evocations
 + Level 8.6 Shapeshifting


You had 5 spell levels left.
You didn't know any spells.
Your spell library was empty.

Dungeon Overview and Level Annotations

Branches:
Dungeon (1/1)

Altars:
Cheibriados
Dithmenos
Makhleb
Okawaru
Ru
Sif Muna
Vehumet
Wu Jian
Xom
Yredelemnul
The Shining One
Beogh
Lugonu

Shops:
D *[=??*?*:[(


Innate Abilities, Weirdness & Mutations

You are a hulking beast.
Your limbs bulge with bestial killing power. (Slay +4)
You cannot wear most types of armour.
You are amphibious.
You can wear up to eight rings at the same time.
Your skin changes colour to match your surroundings (Stealth+).
Your rubbery body absorbs attacks. (AC +1, EV +1)
((You are camouflaged when in or above water. (Stealth+)))
You have tentacles for arms and can constrict up to eight enemies at once.


Message History

Unknown command.
You now have 280 gold pieces (gained 60).
You start resting.
HP restored.
Get ready!
ROUND 3!
FIGHT!
LIGHTNING ROUND!
An orc priest comes into view. It is wielding a +0 short sword.
A scorpion comes into view. 50...
A kobold brigand comes into view.
It is wielding a +0 dagger and quivering poisoned darts.
Found a basalt altar of Yredelemnul.
Found a shimmering altar of Xom.
A hornet comes into view.
Found Gaetuana's Premium Goods.
Found Cuoghiurch's Miscellaneous Merchandise and Joech's Basic Armour.
The bolt of acid hits the hornet!
The acid corrodes the hornet!
The hornet is moderately wounded.
The hornet buzzes angrily.
The now-empty wand crumbles to dust.
Nothing quivered!
The hornet stings you.
You are poisoned.
You feel yourself slow down.
You hit the hornet. You grab the hornet.
The hornet is moderately wounded.
You feel yourself speed up.
You constrict the hornet.
You feel very sick. The hornet stings you!
You feel yourself slow down. The hornet completely misses you. x2
You slash the hornet!
The hornet is severely wounded.
You constrict the hornet.
You feel very sick. The hornet misses you. The hornet stings you!
* * * LOW HITPOINT WARNING * * *
You are more poisoned.
You feel as though you will be slow longer.
The hornet stings you.
You die...

##.............###........
#⌠..........###...###.....
#⌠....[[....# #.<.# .....
#⌠..........###...# .....
##.............###... ....
###∩........ß.# .ß......
##∩._..K....###......
######.ß.........ß.#
#⌠.h.........⌠#
###y........### #_.......
#........ #_.......
#∩....... ##∩.....∩
#.....#


You could see a hornet (corroded) and a kobold brigand.

Vanquished Creatures
  Sigmund (D)
  A crimson imp (D)
  An iron imp (D)
  Terence (D)
  2 shadow imps (D)
  A white imp (D)
  2 hobgoblins (D)
  A quokka (D)
10 creatures vanquished.

Notes
Turn   | Place    | Note
-------+----------+-------------------------------------------
     0 | D        | shadowstone the Octopode Shapeshifter began the quest for
                  | the Orb.
     0 | D        | Reached XP level 1. HP: 13/13 MP: 1/1
     4 | D        | Found a shadowy altar of Dithmenos.
     4 | D        | Found a burning altar of Makhleb.
     5 | D        | Found a corrupted altar of Lugonu.
     5 | D        | Found a snail-covered altar of Cheibriados.
     5 | D        | Round 1.
     6 | D        | Found a glowing golden altar of the Shining One.
     6 | D        | Found a shimmering blue altar of Sif Muna.
     7 | D        | Found a radiant altar of Vehumet.
     7 | D        | Found Esexait's Staff Store.
     7 | D        | Found Laetywnu's Magic Scroll Shop.
     8 | D        | Found Ugamnetz's Must-Have Magic.
     8 | D        | Found Fokkada's Magic Scroll Shop.
    13 | D        | Found an ornate altar of the Wu Jian Council.
    54 | D        | Found an iron altar of Okawaru.
    57 | D        | Found a sacrificial altar of Ru.
    59 | D        | Found Hieguschy's Timeless Talismans.
    79 | D        | Found a roughly hewn altar of Beogh.
    79 | D        | Found Tunuhist's Identification Station.
    81 | D        | Found Menkuthro's Jewellery.
    81 | D        | Found Zoloxu's Advanced Armour.
    84 | D        | Noticed Sigmund
    86 | D        | Noticed Terence
    91 | D        | Killed Sigmund
    92 | D        | Reached skill level 1 in Evocations
    92 | D        | Reached XP level 2. HP: 18/18 MP: 2/2
    92 | D        | Reached XP level 3. HP: 23/23 MP: 3/3
    92 | D        | Reached XP level 4. HP: 28/28 MP: 4/4
    92 | D        | Reached XP level 5. HP: 33/33 MP: 5/5
    96 | D        | Killed Terence
   122 | D        | Arena points: 12 (+12) [x2]
   165 | D        | Round 2.
   189 | D        | Reached XP level 6. HP: 7/38 MP: 6/6
   288 | D        | Reached skill level 1 in Polearms
   290 | D        | Arena points: 48 (+36) [x3]
   341 | D        | Round 3.
   350 | D        | Found a basalt altar of Yredelemnul.
   352 | D        | Found a shimmering altar of Xom.
   352 | D        | Noticed a hornet
   354 | D        | Found Gaetuana's Premium Goods.
   355 | D        | Found Cuoghiurch's Miscellaneous Merchandise.
   355 | D        | Found Joech's Basic Armour.
   359 | D        | Slain by a hornet

Illustrated notes

Levels and vault maps discovered:
D:        arena_sprint

Skill      XL: |  1  2  3  4  5  6 |
---------------+-------------------+-----
Dodging        | 3 4 |  4.2
Unarmed Combat | 7 8 |  8.4
Evocations     | 1 |  1.6
Shapeshifting  | 7 8 |  8.6
Polearms       | 1 |  1.2
Fighting       | |  1.8
Stealth        | |  0.4

Action                     |  1- 3 |  4- 6 || total
---------------------------+-------+-------++-------
  Melee: Unarmed           |     4 |     2 ||     6
         Tentacles         |     1 |     7 ||     8
         Constrict         |     1 |     6 ||     7
         Halberd           |       |    16 ||    16
  Evoke: Wand              |     2 |     3 ||     5
    Use: Potion            |       |     2 ||     2
 Armour: Skin              |     1 |    16 ||    17
  Dodge: Dodged            |     1 |    16 ||    17

Table legend: (Time is in decaauts)
 A = Elapsed time spent in this place.
 B = Non-inter-level travel time spent in this place.
 C = Inter-level travel time spent in this place.
 D = Time resting spent in this place.
 E = Time spent auto-exploring this place.
 F = Levels seen in this place.
 G = Mean time per level.
                   A        B        C        D        E       F      G
               +--------+--------+--------+--------+--------+-----+--------+
         Total |    365 |    363 |      2 |    213 |      0 |   1 |  365.0 |
       Dungeon |    365 |    363 |      2 |    213 |      0 |   1 |  365.0 |
               +--------+--------+--------+--------+--------+-----+--------+

Top non-repeatable levels by time:
       D: 365 daAuts
